AoeStats
← Simon Stokvis

Arena

507046944Analyzed
4v4 RM · 15d ago on Sep 16, 2026· 51m 40s· 8 players
Game mode
Random Map
Map size
Large (8 player)
Population
200
Speed
Normal
Resources
Standard
Victory
Conquest
Starting age
Dark Age
Ending age
Imperial Age
RankedLock teamsTeams togetherTeam positionsShared explorationLock speedFull tech treeHidden civsTurbo modeCheats
Victory
Defeat
🇹🇼 Tatars · Taiwan
1536
+16
🇹🇼 Teutons · Taiwan
1481
+18
🇨🇳 Vietnamese · China
1471
+19
🇨🇳 Slavs · China
1455
+19
🇯🇵 Japanese · Japan
1592
-21
🇮🇳 Britons · India
1537
-18
🇳🇱 Khmer · Netherlands
1519
-18
🇨🇳 Armenians · China
1468
-15
Luis David
10:58 Feudal Age
15:08 Castle Age
13:14 Double-Bit Axe
14:27 Horse Collar
16:27 Bow Saw
16:25 Heavy Plow
20:34 Wheelbarrow
22:00 Gold Mining
28:08 Imperial Age
25:23 Loom
25:54 Hand Cart
26:15 Fletching
26:57 Bodkin Arrow
28:12 Gold Shaft Mining
27:27 Stone Mining
27:39 Padded Archer Armor
28:00 Ballistics
28:49 Bracer
28:57 Scale Mail Armor
29:07 Forging
28:33 Pikeman
29:15 Squires
30:20 Conscription
29:31 Halberdier
30:45 Chain Mail Armor
32:08 Two-Man Saw
31:48 Iron Casting
31:50 Fortified Wall
32:46 Chemistry
33:09 Yeomen
33:10 Elite Longbowman
33:53 Arson
34:10 Warwolf
34:04 Town Watch
34:55 Coinage
35:55 Blast Furnace
35:25 Plate Mail Armor
35:50 Guilds
36:12 Banking
36:17 Siege Engineers
38:31 Leather Archer Armor
38:17 Caravan
48:06 Ring Archer Armor
50:21 Guard Tower
50:43 Masonry
50:19 Arrowslits
Simon Stokvis
9:21 Feudal Age
7:38 Loom
10:53 Fletching
23:43 Castle Age
29:39 Town Watch
29:50 Double-Bit Axe
32:26 Bow Saw
32:06 Horse Collar
33:56 Heavy Plow
38:03 Imperial Age
38:07 Heavy Scorpion
39:22 Double Crossbow
40:46 Chemistry
40:07 Ballistics
42:18 Capped Ram
44:16 Siege Ram
50:50 Siege Engineers
god comic
11:03 Feudal Age
14:35 Castle Age
12:55 Double-Bit Axe
12:51 Horse Collar
13:45 Gold Mining
22:11 Town Watch
23:21 Scale Mail Armor
24:12 Forging
26:33 Chain Mail Armor
28:39 Squires
29:25 Gambesons
31:46 Wheelbarrow
34:09 Iron Casting
33:47 Stone Mining
35:05 Bow Saw
34:46 Loom
39:40 Imperial Age
37:39 Fletching
37:50 Padded Archer Armor
38:12 Ballistics
38:19 Bodkin Arrow
37:50 Pikeman
39:30 Gold Shaft Mining
39:09 Thumb Ring
39:22 Leather Archer Armor
39:32 Elite Skirmisher
40:42 Halberdier
41:30 Halberdier
42:17 Bracer
43:19 Blast Furnace
42:50 Plate Mail Armor
43:22 Chemistry
42:37 Masonry
43:48 Conscription
47:03 Treadmill Crane
49:05 Two-Man Saw
51:22 Heavy Plow
2067
10:36 Feudal Age
11:35 Double-Bit Axe
14:29 Castle Age
12:46 Horse Collar
15:39 Bow Saw
15:32 Heavy Plow
18:49 Man-at-Arms
19:40 Long Swordsman
20:35 Scale Mail Armor
20:58 Two-Handed Swordsman
22:17 Gold Mining
22:24 Gambesons
23:23 Forging
24:18 Chain Mail Armor
24:20 Arson
24:36 Squires
30:02 Iron Casting
30:12 Wheelbarrow
28:59 Champion
34:48 Imperial Age
33:35 Gold Shaft Mining
32:54 Stone Mining
35:07 Champion
35:46 Fletching
35:27 Pikeman
37:15 Plate Mail Armor
43:47 Blast Furnace
45:51 Loom
Haosbot
6:45 Loom
8:59 Feudal Age
9:40 Double-Bit Axe
12:00 Fletching
26:00 Castle Age
24:06 Horse Collar
27:29 Bloodlines
28:10 Bow Saw
28:36 Scale Barding Armor
30:52 Gold Mining
33:11 Wheelbarrow
35:33 Fortified Wall
39:12 Imperial Age
38:02 Padded Archer Armor
39:31 Hand Cart
39:32 Heavy Plow
40:01 Leather Archer Armor
41:00 Chemistry
EricLu6
10:32 Feudal Age
14:37 Castle Age
12:49 Double-Bit Axe
13:10 Horse Collar
15:49 Bow Saw
15:45 Heavy Plow
20:01 Loom
23:02 Wheelbarrow
22:52 Loom
23:19 Scale Barding Armor
23:36 Bloodlines
24:36 Forging
24:25 Gold Mining
26:13 Chain Barding Armor
26:37 Town Watch
27:33 Iron Casting
28:57 Husbandry
29:13 Hand Cart
33:51 Imperial Age
32:48 Gold Shaft Mining
32:03 Stone Mining
33:01 Fletching
35:14 Plate Barding Armor
34:00 Cavalier
34:04 Capped Ram
34:53 Siege Engineers
35:26 Conscription
35:42 Hoardings
35:12 Detinets
36:27 Blast Furnace
35:23 Bodkin Arrow
35:34 Siege Ram
36:09 Elite Boyar
38:54 Hoardings
38:17 Murder Holes
39:22 Chemistry
42:04 Ballistics
43:07 Crop Rotation
50:18 Padded Archer Armor
sillyoyo
11:22 Feudal Age
14:58 Castle Age
12:45 Double-Bit Axe
12:41 Horse Collar
14:44 Forging
14:42 Scale Barding Armor
19:02 Bow Saw
25:52 Wheelbarrow
25:03 Town Watch
28:18 Loom
28:48 Hand Cart
31:45 Imperial Age
29:24 Gold Mining
29:24 Stone Mining
29:36 Heavy Plow
30:10 Chain Barding Armor
30:09 Bloodlines
29:59 Husbandry
31:52 Forging
31:50 Elite Keshik
33:09 Plate Barding Armor
33:10 Iron Casting
33:26 Conscription
36:41 Blast Furnace
36:16 Crop Rotation
35:46 Caravan
35:43 Onager
37:11 Guilds
37:53 Gold Shaft Mining
38:09 Masonry
37:56 Murder Holes
38:34 Capped Ram
40:10 Siege Engineers
39:26 Siege Ram
40:56 Fletching
41:27 Ballistics
42:07 Chemistry
43:28 Silk Armor
43:00 Light Cavalry
48:21 Hussar
不西西
10:49 Feudal Age
14:47 Castle Age
13:22 Double-Bit Axe
13:32 Horse Collar
13:42 Loom
15:44 Bow Saw
16:30 Wheelbarrow
16:17 Heavy Plow
17:41 Town Watch
19:28 Gold Mining
21:01 Hand Cart
23:10 Fortified Wall
27:15 Imperial Age
24:22 Crossbowman
24:52 Fletching
26:17 Bodkin Arrow
27:40 Ballistics
27:41 Padded Archer Armor
31:07 Thumb Ring
36:57 Imperial Age
37:40 Bracer
37:59 Leather Archer Armor
41:22 Chemistry
41:46 Arbalester
42:59 Ring Archer Armor
46:35 Caravan
46:46 Guilds
51:27 Two-Man Saw
Connection lost

Rejoining the realm…

Still unreachable

The connection could not be restored.

Session expired

The server has moved on; the page needs a fresh start.